 Dungeon Crawl Stone Soup version 0.29-a0-717-g6dac4ea423 (webtiles) character file.

Game seed: 17959303967026320355

1232 HoaS the Skirmisher (level 8, 0/43 HPs)
             Began as a Deep Elf Hunter on June 26, 2022.
             Was a Follower of Okawaru.
             Slain by a scorpion (5 damage)
             ... in an ossuary.
             The game lasted 00:10:06 (5517 turns).

HoaS the Skirmisher (Deep Elf Hunter)               Turns: 5517, Time: 00:10:07

Health: 0/43       AC:  5    Str:  8    XL:     8   Next: 24%
Magic:  12/12      EV: 12    Int: 21    God:    Okawaru [*.....]
Gold:   149        SH:  0    Dex: 20    Spells: 7/7 levels left

rFire   . . .      SeeInvis .   a - +0 shortbow
rCold   . . .      Faith    .   (shield currently unavailable)
rNeg    . . .      Spirit   .   c - +0 leather armour
rPois   .          Reflect  .   (no helmet)
rElec   .          Harm     .   o - +0 cloak
rCorr   .          Rampage  .   (no gloves)
Will    .....                   k - +0 pair of boots
Stlth   ++........              (no amulet)
HPRegen 0.14/turn               p - ring "Joangi Hautz" {Fly Int+6}
MPRegen 0.13/turn               (no ring)

@: lethally poisoned (0 -> -14), flying
A: no striking features
a: Renounce Religion, Heroism


You were in an ossuary.
You worshipped Okawaru.
Okawaru was aware of your devotion.
You visited 2 branches of the dungeon, and saw 6 of its levels.
You also visited: Ossuary.

You collected 149 gold pieces.

Inventory:

Hand Weapons
 a - a +0 shortbow (weapon)
Missiles
 s - a throwing net
Armour
 c - a +0 leather armour (worn)
 k - a +0 pair of boots (worn)
 o - a +0 cloak (worn)
Jewellery
 p - the ring "Joangi Hautz" (left hand) {Fly Int+6}
   (You found it on level 3 of the Dungeon)

   [ring of intelligence]

   Int:       It affects your intelligence (+6).
   Fly:       It grants you flight.
Scrolls
 b - 2 scrolls of immolation
 i - a scroll of fog
 q - a scroll of teleportation
Potions
 d - a potion of cancellation
 e - 3 potions of brilliance
 f - 2 potions of lignification
 g - a potion of might
 h - a potion of flight
 j - a potion of ambrosia {unknown}
 l - a potion of degeneration {unknown}
 m - a potion of haste {unknown}
 n - a potion of magic {unknown}


   Skills:
 - Level 1.5 Fighting
 * Level 13.2 Ranged Weapons
 - Level 2.4 Dodging
 - Level 1.2 Stealth
 - Level 3.0 Invocations


You had 7 spell levels left.
You didn't know any spells.
Your spell library was empty.

Dungeon Overview and Level Annotations

Branches:
Dungeon (5/15)             Temple (1/1) D:4         Ossuary (1/1)

Altars:
Ashenzari
Cheibriados
Dithmenos
Fedhas
Gozag
Hepliaklqana
Kikubaaqudgha
Makhleb
Nemelex Xobeh
Okawaru
Qazlal
Ru
Uskayaw
Wu Jian
Xom
Yredelemnul
Zin
The Shining One

Shops:
D:3 (


Message History

The scorpion barely misses you.
You are too injured to fight recklessly!
You are too injured to fight recklessly!
You are too injured to fight recklessly!
You are too injured to fight recklessly!
You are too injured to fight recklessly!
Okay, then.
Fire: a) +0 shortbow
Press: ? - help, Q - select action, (/) - cycle Shift-Dir - straight line, f/p - scorpion
Aim: a scorpion (heavily wounded, 68% to hit)
You shoot an arrow.
The arrow hits the scorpion but does no damage.
The scorpion is heavily wounded.
You feel very sick. The scorpion misses you.
Fire: a) +0 shortbow
Press: ? - help, Q - select action, (/) - cycle Shift-Dir - straight line, f/p - scorpion
Aim: a scorpion (heavily wounded, 68% to hit)
You shoot an arrow.
The arrow hits the scorpion but does no damage.
The scorpion is heavily wounded.
You feel sick. The scorpion barely misses you.
Fire: a) +0 shortbow
Press: ? - help, Q - select action, (/) - cycle Shift-Dir - straight line, f/p - scorpion
Aim: a scorpion (heavily wounded, 68% to hit)
You shoot an arrow.
The arrow hits the scorpion but does no damage.
The scorpion is heavily wounded.
You feel sick. The scorpion stings you.
* * * LOW HITPOINT WARNING * * *
You are lethally poisoned!
The scorpion poisons you!
Fire: a) +0 shortbow
Press: ? - help, Q - select action, (/) - cycle Shift-Dir - straight line, f/p - scorpion
Aim: a scorpion (heavily wounded, 68% to hit)
You shoot an arrow. The arrow closely misses the scorpion.
* * * LOW HITPOINT WARNING * * *
You feel very sick. The scorpion stings you.
You die...

#.......#
##8...8##
#.......#
#...8...#
#...#...#
##'#######+##
#...#...#...#
#...'...8...#
#...#...@...#
######8s..8##
#!!M#.......#
#!.!#...8...#
#??!#...#...#
##+##########


You could see a scorpion.

Vanquished Creatures
  Grinder (D:3)
  Sigmund (D:4)
  2 ogres (D:4)
  The ghost of NoAnimeNoLife the Sneak, an amateur KoBr (D:3)
  2 necrophages (D:4)
  2 scorpions
  A hound (D:4)
  Crazy Yiuf (D:2)
  A scorpion zombie (Ossuary)
  Natasha (twice) (D:2)
  Terence (D:2)
  2 orc wizards
  4 gnolls (D:4)
  5 adders
  A white imp (D:5)
  2 worms
  A dart slug (D:3)
  12 orcs
  6 ball pythons
  5 bats
  10 endoplasms
  2 giant cockroaches (D:1)
  12 goblins
  7 hobgoblins
  5 jackals
  3 quokkas
  2 frilled lizards
  A hobgoblin zombie (Ossuary)
  5 kobolds
  An orc zombie (Ossuary)
  5 rats
106 creatures vanquished.

Notes
Turn   | Place    | Note
-------+----------+-------------------------------------------
     0 | D:1      | HoaS the Deep Elf Hunter began the quest for the Orb.
     0 | D:1      | Reached XP level 1. HP: 12/12 MP: 3/3
   124 | D:1      | Reached skill level 6 in Ranged Weapons
   124 | D:1      | Reached XP level 2. HP: 8/16 MP: 4/4
   302 | D:1      | Found a faded altar of an unknown god.
   865 | D:1      | Reached XP level 3. HP: 20/20 MP: 5/5
  1178 | D:2      | Found a runed translucent door.
  1179 | D:2      | Noticed Crazy Yiuf
  1353 | D:2      | Found a shimmering altar of Xom.
  1424 | D:2      | Reached skill level 7 in Ranged Weapons
  1553 | D:2      | Noticed Natasha
  1556 | D:2      | Killed Natasha
  1557 | D:2      | Reached XP level 4. HP: 25/25 MP: 6/6
  1573 | D:2      | Noticed Natasha
  1581 | D:2      | Killed Natasha
  1582 | D:2      | Reached skill level 8 in Ranged Weapons
  1714 | D:2      | Noticed Terence
  2328 | D:3      | Noticed Grinder
  2379 | D:3      | Found Sulekkohe's Antique Weapon Boutique.
  2443 | D:3      | Reached XP level 5. HP: 23/29 MP: 7/7
  2529 | D:3      | Found a runed translucent door.
  2532 | D:3      | Noticed NoAnimeNoLife's ghost (amateur KoBr)
  2608 | D:3      | Identified the ring "Joangi Hautz" {Fly Int+6}
  3319 | D:3      | Killed Grinder
  3320 | D:3      | Reached skill level 10 in Ranged Weapons
  3320 | D:3      | Reached XP level 6. HP: 25/34 MP: 8/8
  3497 | D:2      | Killed Crazy Yiuf
  3677 | D:2      | Killed Terence
  3883 | D:3      | Killed NoAnimeNoLife's ghost
  4068 | D:4      | Reached skill level 11 in Ranged Weapons
  4068 | D:4      | Reached XP level 7. HP: 38/38 MP: 9/9
  4256 | D:4      | Reached skill level 12 in Ranged Weapons
  4259 | D:4      | Found a staircase to the Ecumenical Temple.
  4404 | Temple   | Entered the Ecumenical Temple
  4423 | Temple   | Became a worshipper of Warmaster Okawaru
  4513 | D:4      | Reached skill level 1 in Invocations
  4519 | D:4      | Found a basalt altar of Yredelemnul.
  4521 | D:4      | Found a broken altar of Ashenzari.
  4826 | D:4      | Noticed Sigmund
  4866 | D:4      | Killed Sigmund
  4867 | D:4      | Reached XP level 8. HP: 27/43 MP: 11/11
  5155 | D:4      | Reached skill level 13 in Ranged Weapons
  5255 | D:5      | Entered Level 5 of the Dungeon
  5255 | D:5      | Found a sand-covered staircase.
  5407 | Ossuary  | Entered an ossuary
  5497 | Ossuary  | Reached * piety under Okawaru
  5517 | Ossuary  | Slain by a scorpion

Illustrated notes

Levels and vault maps discovered:
D:1:      minmay_arrival_loop, layout_basic, hellmonk_ecumenical_altar_zigzags,
          hangedman_decor_clover_reticule, minmay_pentomino_u4
D:2:      layout_basic, basic_altar, uniq_crazy_yiuf_cottage, uniq_natasha,
          uniq_terence
D:3:      layout_loops_cross, serial_shops, nicolae_shop_statue_plus,
          ebering_ghost_reflecting_pool, chequers_decorated_corner, uniq_grinder
D:4:      layout_loops_cross, mainiacjoe_overflow_catch_the_wave,
          minmay_temple_entry_stoned_glass, minivault_25, nrook_mini_backslash,
          chequers_serial_rivers_room_b, uniq_sigmund
D:5:      kennysheep_big_flooded_room, layout_rooms,
          nicolae_elyvilon_temple_path, nicolae_overflow_squiral,
          nicolae_ossuary_entry_ruins, serial_demonic, serial_demonic_g,
          serial_demonic_d, serial_demonic_d, serial_demonic_f,
          serial_demonic_d, serial_demonic_c, serial_demonic_a
Temple:   minmay_freezing_vapour_temple
Ossuary:  ossuary_minmay_scorpions

Skill      XL: |  1  2  3  4  5  6  7  8 |
---------------+-------------------------+-----
Ranged Weapons | 6 7 8 10 11 12 13 | 13.2
Invocations    | 2 3 |  3.0
Fighting       | |  1.5
Dodging        | |  2.4
Stealth        | |  1.2

Action                   |  1- 3 |  4- 6 |  7- 9 || total
-------------------------+-------+-------+-------++-------
 Fire: Shortbow          |   104 |   148 |   153 ||   405
  Use: Scroll            |     4 |     5 |     3 ||    12
       Potion            |       |     5 |     1 ||     6
Armor: Leather armour    |    10 |    14 |    18 ||    42
Dodge: Dodged            |    17 |    44 |    44 ||   105

Table legend: (Time is in decaauts)
 A = Elapsed time spent in this place.
 B = Non-inter-level travel time spent in this place.
 C = Inter-level travel time spent in this place.
 D = Time resting spent in this place.
 E = Time spent auto-exploring this place.
 F = Levels seen in this place.
 G = Mean time per level.
                   A        B        C        D        E       F      G
               +--------+--------+--------+--------+--------+-----+--------+
         Total |   5559 |   5236 |    323 |   1478 |   2927 |   7 |  794.1 |
       Dungeon |   5428 |   5110 |    318 |   1433 |   2897 |   5 | 1085.6 |
        Temple |     24 |     19 |      5 |      0 |     10 |   1 |   24.0 |
       Ossuary |    106 |    106 |      0 |     45 |     20 |   1 |  106.0 |
               +--------+--------+--------+--------+--------+-----+--------+

Top non-repeatable levels by time:
     D:2: 1649 daAuts
     D:3: 1445 daAuts
     D:4: 1302 daAuts
     D:1: 1015 daAuts
 Ossuary: 106 daAuts
  Temple: 24 daAuts
     D:5: 17 daAuts
